 Dungeon Crawl Stone Soup version 0.19.5 (webtiles) character file.

13591 ozymandias0 the Cleaver (level 11, -8/100 HPs)
             Began as a Minotaur Fighter on Apr 11, 2017.
             Mangled by a 13-headed hydra (10 damage)
             ... on level 11 of the Dungeon.
             The game lasted 00:56:49 (9481 turns).

ozymandias0 the Cleaver (Minotaur Fighter)          Turns: 9481, Time: 00:56:49

Health: -8/100     AC: 20    Str: 23    XL:     11   Next: 77%
Magic:  10/10      EV:  7    Int:  5    God:
Gold:   457        SH: 13    Dex: 16    Spells: 0 memorised, 10 levels left

rFire  . . .     SeeInvis .     a - +4 war axe
rCold  . . .     Gourm    .     s - +2 plate armour
rNeg   . . .     Faith    .     c - +0 shield
rPois  .         Spirit   .     (helmet restricted)
rElec  .         Reflect  .     z - +0 cloak
rCorr  .         Harm     +     e - +0 pair of gloves
MR     .....                    y - +0 pair of boots
Stlth  ..........               q - amulet of harm
                                (no ring)
                                v - +5 ring of dexterity

@: no status effects
A: retaliatory headbutt, horns 2
a: no special abilities


You were on level 11 of the Dungeon.
You were not hungry.

You visited 1 branch of the dungeon, and saw 11 of its levels.

You collected 676 gold pieces.
You spent 219 gold pieces at shops.

Inventory:

Hand Weapons
 a - a +4 war axe (weapon)
 t - a +1 battleaxe of freezing
Missiles
 r - 4 javelins (quivered)
Armour
 c - a +0 shield (worn)
 e - a +0 pair of gloves (worn)
 s - a +2 plate armour (worn)
 y - a +0 pair of boots (worn)
 z - a +0 cloak (worn)
Jewellery
 q - an amulet of harm (around neck)
 v - a +5 ring of dexterity (left hand)
Scrolls
 g - 2 scrolls of identify
 h - 3 scrolls of remove curse
 i - 2 scrolls of magic mapping
 o - 3 scrolls of teleportation
Potions
 b - a potion of ambrosia
 d - 2 potions of might
 j - 4 potions of brilliance
 k - a potion of flight
 l - 3 potions of berserk rage
 m - a potion of invisibility
 n - 4 potions of curing
 x - a potion of agility
Comestibles
 f - 7 bread rations
 p - 4 slices of pizza
 u - 2 beef jerkies


   Skills:
 + Level 10.3 Fighting
 + Level 14.7 Axes
 + Level 1.6 Throwing
 + Level 9.8 Armour
 + Level 2.4 Dodging
 + Level 0.6 Stealth
 + Level 10.6 Shields


You had 10 spell levels left.
You didn't know any spells.

Dungeon Overview and Level Annotations

Branches:
Dungeon (11/15)            Temple (0/1) D:5            Lair (0/6) D:9
    Orc (0/2) D:11

Altars:
Ashenzari
Dithmenos
Gozag
Hepliaklqana
Okawaru
Qazlal
Trog
Xom
Yredelemnul

Shops:
D:8 *?}:[   D:9 (


Innate Abilities, Weirdness & Mutations

You reflexively headbutt those who attack you in melee.
You have a pair of horns on your head.


Message History

* * * LOW HITPOINT WARNING * * *
The 11-headed hydra bites you.
* * * LOW HITPOINT WARNING * * *
The 11-headed hydra bites you but does no damage.
The 11-headed hydra barely misses you.
The 11-headed hydra bites you but does no damage. x3
You slice one of the 11-headed hydra's heads off!
The ten-headed hydra grows two more!
You slash the 12-headed hydra!
The 12-headed hydra is heavily wounded.
You hack one of the 12-headed hydra's heads off!
The 11-headed hydra grows two more!
You slice the 13-headed hydra!!
The 13-headed hydra is severely wounded.
The 13-headed hydra bites you but does no damage.
The 13-headed hydra bites you.
* * * LOW HITPOINT WARNING * * *
The 13-headed hydra bites you but does no damage. x3
The 13-headed hydra completely misses you.
The 13-headed hydra barely misses you. You block the 13-headed hydra's attack.
The 13-headed hydra bites you!
You die...

#...# #. #.. .[....... #.>.#
.## #.# ##.#..... ##...##
..# #.# #....>..
#)###o#####.# #.#######....
.## ##o..##÷# #.##[<)......
.
#C8.##.#########)#((######..
o #...#.÷.#........[.## #...
#######÷##.#...###..#####
#.#. ......[...oo.o.D@..##
#.## ......####.##..C..##
#... .....##......#..#..####
##.## ....<
#.>.............# ###..#
....
#.......####..#.#####....#
..$ #.......#
#.....##...##<# ...
#######.# #...#....####.#
..# ###....#.# #.# .#
###.....# #..


You could see a 13-headed hydra, a hill giant, an orc priest and 2 orcs.

Vanquished Creatures
  A flayed ghost (D:10)
  3 hill giants
  A centaur zombie (D:10)
  2 trolls (D:11)
  The ghost of airbag the Poker, an amateur MfGl of Jiyva (D:4)
  2 shadows (D:10)
  A vampire (D:10)
  A spriggan (D:7)
  A fire bat (D:10)
  6 wraiths
  2 wyverns
  16 yaks
  Grum (D:10)
  A hungry ghost (D:10)
  A water moccasin (D:8)
  Duvessa (D:5)
  A black bear (D:7)
  An ice beast (D:5)
  3 orc warriors
  A necrophage (D:8)
  2 ogres
  3 phantoms
  2 wolves (D:10)
  A crocodile (D:10)
  5 centaurs
  7 bullfrogs
  4 big kobolds
  A gnoll sergeant (D:10)
  An elf zombie (D:8)
  Dowan (D:5)
  3 scorpions
  A troll zombie (D:8)
  14 killer bees
  8 wights
  The ghost of devil0150 the Magician, a weakling HEWz (D:3)
  2 bullfrog zombies
  2 human zombies (D:8)
  2 quasits
  5 crimson imps
  4 jellies
  7 orc priests
  7 orc wizards
  2 gnoll shamans (D:8)
  3 centaur skeletons
  9 hounds
  5 iguanas
  Ijyb (D:2)
  9 worker ants
  An ogre zombie (D:8)
  A hound zombie (D:5)
  A mummy (D:8)
  A worker ant zombie (D:9)
  9 adders
  17 gnolls
  A shadow imp (D:8)
  An ooze (D:1)
  4 worms
  3 dart slugs
  6 leopard geckos
  35 orcs
  4 ball pythons
  2 giant cockroaches
  3 goblins
  12 hobgoblins
  A jackal (D:2)
  26 kobolds
  5 quokkas
  16 bats
  7 frilled lizards
  A leopard gecko skeleton (D:6)
  An orc zombie (D:8)
  9 rats
326 creatures vanquished.

Notes
Turn   | Place    | Note
-------+----------+-------------------------------------------
     0 | D:1      | ozymandias0 the Minotaur Fighter began the quest for the Orb.
     0 | D:1      | Reached XP level 1. HP: 19/19 MP: 0/0
    96 | D:1      | Reached XP level 2. HP: 27/27 MP: 1/1
   427 | D:1      | Reached XP level 3. HP: 33/33 MP: 2/2
   507 | D:2      | Found a faded altar of an unknown god.
   553 | D:2      | Reached skill level 3 in Axes
   726 | D:2      | Noticed Ijyb
   732 | D:2      | Killed Ijyb
   732 | D:2      | Reached XP level 4. HP: 40/40 MP: 3/3
  1195 | D:3      | Reached skill level 4 in Axes
  1234 | D:3      | Reached XP level 5. HP: 40/47 MP: 4/4
  1716 | D:3      | Noticed devil0150's ghost (weakling HEWz)
  1724 | D:3      | Killed devil0150's ghost
  1724 | D:3      | Reached skill level 5 in Shields
  2165 | D:4      | Reached skill level 5 in Axes
  2267 | D:4      | Reached XP level 6. HP: 18/53 MP: 5/5
  2497 | D:4      | Noticed airbag's ghost (amateur MfGl)
  2509 | D:4      | Killed airbag's ghost
  2509 | D:4      | Reached skill level 5 in Fighting
  2509 | D:4      | Reached skill level 6 in Axes
  2509 | D:4      | Reached skill level 5 in Armour
  2509 | D:4      | Reached XP level 7. HP: 42/61 MP: 6/6
  2925 | D:5      | Entered Level 5 of the Dungeon
  2943 | D:5      | Found a staircase to the Ecumenical Temple.
  2956 | D:5      | Noticed Dowan
  2957 | D:5      | Noticed Duvessa
  2968 | D:5      | Killed Duvessa
  2971 | D:5      | Killed Dowan
  3135 | D:5      | Reached skill level 7 in Axes
  3292 | D:5      | Noticed a wyvern
  3298 | D:5      | Killed a wyvern
  3298 | D:5      | Reached skill level 1 in Dodging
  3310 | D:5      | Reached XP level 8. HP: 33/69 MP: 7/7
  3848 | D:6      | Reached skill level 8 in Axes
  3961 | D:6      | Found an opulent altar of Gozag.
  4078 | D:6      | Reached skill level 9 in Axes
  4479 | D:6      | Reached XP level 9. HP: 78/78 MP: 8/8
  4643 | D:7      | Reached skill level 10 in Axes
  5421 | D:8      | Found Ugeful's Magic Scroll Shop.
  5446 | D:8      | Reached skill level 11 in Axes
  5501 | D:8      | Bought a scroll of identify for 24 gold pieces
  5501 | D:8      | Bought 3 scrolls of identify for 72 gold pieces
  5587 | D:8      | Found a shadowy altar of Dithmenos.
  5702 | D:8      | Found Kaewatel's Antique Armour Shoppe.
  5892 | D:8      | Found Laynacos's Book Shoppe.
  5918 | D:8      | Found Xiamuobb's Gadget Emporium.
  6013 | D:8      | Found Eheis's General Store.
  6059 | D:8      | Bought a potion of berserk rage for 65 gold pieces
  6059 | D:8      | Bought a +0 pair of boots for 58 gold pieces
  6222 | D:8      | Reached XP level 10. HP: 65/88 MP: 9/9
  6243 | D:8      | Found a basalt altar of Yredelemnul.
  6275 | D:8      | Reached skill level 12 in Axes
  6342 | D:8      | Reached skill level 1 in Throwing
  6426 | D:9      | Found Bourui Aggy's Weapon Shop.
  6573 | D:9      | Found a staircase to the Lair.
  7356 | D:10     | Entered Level 10 of the Dungeon
  7464 | D:10     | Noticed a hill giant
  7481 | D:10     | Killed a hill giant
  7527 | D:10     | Noticed a hill giant
  7534 | D:10     | Reached skill level 13 in Axes
  7539 | D:10     | Killed a hill giant
  7991 | D:10     | Found a shimmering altar of Xom.
  8055 | D:10     | Noticed Grum
  8060 | D:10     | Reached XP level 11. HP: 69/97 MP: 10/10
  8067 | D:10     | Killed Grum
  8499 | D:10     | Found a bloodstained altar of Trog.
  8527 | D:10     | Found a runed door.
  8550 | D:10     | Noticed a flayed ghost
  8555 | D:10     | Killed a flayed ghost
  8555 | D:10     | Reached skill level 10 in Shields
  8575 | D:10     | Found a stormy altar of Qazlal.
  8583 | D:10     | Found an iron altar of Okawaru.
  8611 | D:10     | Found a hazy altar of Hepliaklqana.
  8637 | D:10     | Found a stormy altar of Qazlal.
  8668 | D:10     | Found a shattered altar of Ashenzari.
  8775 | D:10     | Reached skill level 14 in Axes
  8944 | D:11     | Noticed a hill giant
  8975 | D:11     | Killed a hill giant
  9085 | D:11     | Reached skill level 10 in Fighting
  9428 | D:11     | Found a staircase to the Orcish Mines.
  9449 | D:11     | Noticed a six-headed hydra
  9456 | D:11     | Noticed a hill giant
  9481 | D:11     | HP: 2/100 [13-headed hydra (4)]
  9481 | D:11     | Mangled by a 13-headed hydra

Skill      XL: |  1  2  3  4  5  6  7  8  9 10 11 |
---------------+----------------------------------+-----
Shields        | 4 5 6 8 9 10 | 10.6
Fighting       | 4 5 6 7 9 10 | 10.3
Axes           | 3 4 5 6 7 9 11 13 14 | 14.7
Armour         | 4 5 6 7 8 9 |  9.8
Dodging        | 1 2 |  2.4
Throwing       | 1 |  1.6
Stealth        | |  0.6

Action                   |  1- 3 |  4- 6 |  7- 9 | 10-12 || total
-------------------------+-------+-------+-------+-------++-------
Melee: War axe           |    90 |   115 |   276 |   396 ||   877
       Headbutt          |    12 |    17 |    47 |    96 ||   172
Throw: Javelin           |       |       |     5 |     3 ||     8
  Use: Scroll            |     3 |     6 |    12 |     4 ||    25
       Potion            |       |       |       |     1 ||     1
  Eat: Meat ration       |       |     1 |     2 |     1 ||     4
       Fruit             |       |       |     8 |       ||     8
       Royal jelly       |       |       |       |     1 ||     1
       Pizza             |       |       |       |     1 ||     1
       Beef jerky        |       |       |       |     1 ||     1
Armor: Scale mail        |    45 |    37 |    20 |       ||   102
       Plate armour      |       |       |    95 |   189 ||   284
Dodge: Dodged            |    30 |    20 |    69 |    79 ||   198
Block: Shield            |    52 |    46 |   130 |   221 ||   449
